 Dungeon Crawl Stone Soup version 0.28.0-49-g6dfe1f597d (webtiles) character file.

Game seed: 5264120997647296105

7028 Gabide the Spear-Bearer (level 10, -3/70 HPs)
             Began as a Mummy Monk on May 13, 2022.
             Was an Initiate of Gozag.
             Slain by a boulder beetle (6 damage)
             ... on level 9 of the Dungeon.
             The game lasted 00:34:42 (15875 turns).

Gabide the Spear-Bearer (Mummy Monk)               Turns: 15875, Time: 00:34:43

Health: -3/70      AC: 16    Str: 23    XL:     10   Next: 82%
Magic:  10/10      EV:  9    Int: 10    God:    Gozag
Gold:   380        SH:  0    Dex: 14    Spells: 9/9 levels left

rFire   . . .      SeeInvis .   t - +5 halberd
rCold   + + .      Faith    .   (shield currently unavailable)
rNeg    + + +      Spirit   .   j - +1 chain mail of the Beginning {Str+4}
rPois   ∞          Reflect  .   (no helmet)
rElec   .          Harm     .   e - scarf {rC+ rF+}
rCorr   .          Rampage  .   p - +0 pair of gloves
Will    +....                   (no boots)
Stlth   ..........              (no amulet)
HPRegen 0.21/turn               f - +4 ring of protection
MPRegen 0.12/turn               (no ring)

@: no status effects
A: cold resistance 1, negative energy resistance 3, torment resistance 2, heat
vulnerability 1, no potions
a: Renounce Religion, Potion Petition, Call Merchant, Bribe Branch


You were on level 9 of the Dungeon.
You worshipped Gozag.
Gozag was aware of your devotion.
You visited 2 branches of the dungeon, and saw 10 of its levels.
You also visited: Sewer and Ossuary.

You collected 1337 gold pieces.
You paid 957 gold pieces to Gozag.

Inventory:

Hand Weapons
 n - a +2 trident
 t - a +5 halberd (weapon)
Missiles
 r - 3 javelins (quivered)
Armour
 e - a scarf of resistance (worn)
 j - the +1 chain mail of the Beginning (worn) {Str+4}
   (You found it on level 2 of the Dungeon)

   Str:       It affects your strength (+4).
 l - a +1 ring mail
 p - a +0 pair of gloves (worn)
Jewellery
 f - a +4 ring of protection (left hand)
 m - a ring of ice
Scrolls
 d - a scroll of fog
 g - 3 scrolls of magic mapping
 h - 2 scrolls of identify
 k - 2 scrolls of vulnerability
 q - a scroll of immolation


   Skills:
 - Level 3.0 Fighting
 + Level 12.4 Polearms
 - Level 7.0 Armour
 - Level 2.4 Dodging
 - Level 1.5 Stealth


You had 9 spell levels left.
You didn't know any spells.
Your spell library contained the following spells:

 Spells                   Type           Power      Damage    Failure   Level
 Conjure Ball Lightning   Conj/Air       0%         3x3d6     100%        6
 Discord                  Hex            0%         N/A       100%        8
 Disjunction              Tloc           0%         N/A       100%        8


Dungeon Overview and Level Annotations

Branches:
Dungeon (9/15)             Temple (1/1) D:6            Lair (0/6) D:8
  Sewer (visited)         Ossuary (visited)
    Orc: D:9-12

Altars:
Ashenzari
Cheibriados
Dithmenos
Gozag
Kikubaaqudgha
Nemelex Xobeh
Okawaru
Qazlal
Ru
Trog
Uskayaw
Vehumet
Wu Jian
Xom
Yredelemnul
Zin
The Shining One

Shops:
D:2 !   D:8 [

Annotations:
D:7 Grum
D:9 Erolcha


Innate Abilities, Weirdness & Mutations

You are immune to poison.
Your flesh is cold resistant. (rC+)
You are immune to negative energy. (rN+++)
You are immune to unholy pain and torment.
You are vulnerable to heat. (rF-)
You do not drink.


Message History

You are too injured to fight recklessly!
You are too injured to fight recklessly!
You are too injured to fight recklessly!
You are too injured to fight recklessly!
You are too injured to fight recklessly!
You are too injured to fight recklessly!
You are too injured to fight recklessly!
You are too injured to fight recklessly!
You are too injured to fight recklessly!
You are too injured to fight recklessly!
You are too injured to fight recklessly!
You are too injured to fight recklessly!
You are too injured to fight recklessly!
You are too injured to fight recklessly!
You are too injured to fight recklessly!
You are too injured to fight recklessly!
You are too injured to fight recklessly!
You are too injured to fight recklessly!
You are too injured to fight recklessly!
You are too injured to fight recklessly!
You are too injured to fight recklessly!
You hit the boulder beetle but do no damage.
The boulder beetle is moderately wounded.
The boulder beetle closely misses you.
You slash the boulder beetle!
The boulder beetle is heavily wounded.
The boulder beetle bites you!
Okay, then.
Unknown command.
Unknown command.
You barely miss the acid dragon.
The boulder beetle bites you but does no damage.
The acid dragon spits acid at you. The splash of acid hits you!!
* * * LOW HITPOINT WARNING * * *
You slash the acid dragon!
The acid dragon is moderately wounded.
The boulder beetle bites you.
You die...
Your body crumbles into a pile of gold.

#.# #.####.####.##
#.# #.# ### #.# #.#
#.# #.#
#.#####.#########.##
#...○B..##........).
##.###○###.######.##
#.# ♣.♣ #.# #.#
#B#♣♣.♣♣#.######.#
#.@D.............#
###♣♣.♣♣#....######
♣.♣ #<......B..
###.###..........
#..........######
##########.# #.# #.#
#.#


You could see a boulder beetle and an acid dragon.

Vanquished Creatures
  A centaur warrior (D:9)
  An ugly thing (D:9)
  A cyclops (D:7)
  A komodo dragon (D:8)
  2 trolls (D:9)
  Grinder (D:4)
  3 yaks (D:9)
  An acid dragon (D:9)
  2 sky beasts (D:8)
  2 orc warriors
  2 ice beasts
  3 necrophages
  2 wolves
  4 centaurs
  2 ogres
  2 phantoms
  2 kobold brigands (D:9)
  A gnoll sergeant (D:7)
  A wyvern zombie (D:7)
  4 scorpions
  5 bullfrogs
  A water moccasin skeleton (D:6)
  6 killer bees
  7 wights
  6 howler monkeys
  A bullfrog zombie (D:6)
  A centaur zombie (D:9)
  A jelly (D:6)
  2 bullfrog skeletons
  4 orc priests
  3 hounds
  Ijyb (D:5)
  4 iguanas
  5 orc wizards
  A scorpion zombie (D:3)
  A merfolk avatar (Sewer)
  A merfolk siren (Sewer)
  A hound zombie (D:3)
  2 mummies (Ossuary)
  2 river rats (Sewer)
  8 adders
  2 ufetubi
  An adder skeleton (D:3)
  4 worms
  4 dart slugs
  17 orcs
  13 ball pythons
  5 endoplasms
  4 giant cockroaches
  10 goblins
  8 hobgoblins
  8 kobolds
  3 quokkas
  11 bats
  13 frilled lizards
  2 gnoll zombies (Ossuary)
  3 goblin zombies (Ossuary)
  5 hobgoblin zombies (Ossuary)
  A jackal skeleton (D:3)
  4 orc zombies (Ossuary)
  A quokka skeleton (D:3)
  22 rats
242 creatures vanquished.

Vanquished Creatures (others)
  7 plants (D:9)
  A withered plant (D:3)
8 creatures vanquished.

Grand Total: 250 creatures vanquished

Notes
Turn   | Place    | Note
-------+----------+-------------------------------------------
     0 | D:1      | Gabide the Mummy Monk began the quest for the Orb.
     0 | D:1      | Reached XP level 1. HP: 18/18 MP: 1/1
   163 | D:1      | Reached XP level 2. HP: 14/24 MP: 2/2
   238 | D:1      | Reached skill level 3 in Polearms
   862 | D:2      | Reached XP level 3. HP: 17/29 MP: 3/3
  1242 | D:2      | Found Tipelim's Distillery.
  1539 | D:2      | Found a faded altar of an unknown god.
  2141 | D:2      | Identified the +1 chain mail of the Beginning {Str+4}
  2317 | D:3      | Noticed a scorpion
  2467 | D:3      | Reached XP level 4. HP: 24/35 MP: 4/4
  2616 | D:3      | Reached skill level 4 in Polearms
  2616 | D:3      | Reached skill level 1 in Armour
  3167 | D:3      | Killed a scorpion
  3168 | D:3      | Reached XP level 5. HP: 15/41 MP: 5/5
  3963 | D:4      | Found a glowing drain.
  3982 | Sewer    | Entered a sewer
  4303 | Sewer    | Reached XP level 6. HP: 45/47 MP: 6/6
  4530 | D:4      | Found a sand-covered staircase.
  4554 | Ossuary  | Entered an ossuary
  5116 | D:4      | Reached skill level 5 in Polearms
  5187 | D:3      | Reached XP level 7. HP: 28/52 MP: 7/7
  5691 | D:4      | Found a radiant altar of Vehumet.
  5694 | D:4      | Found an ancient bone altar of Kikubaaqudgha.
  6332 | D:5      | Entered Level 5 of the Dungeon
  6365 | D:5      | Noticed Ijyb
  6759 | D:5      | Reached skill level 5 in Armour
  6895 | D:5      | Noticed Grinder
  6895 | D:5      | Paralysed by Grinder for 5 turns
  6932 | D:4      | Killed Grinder
  6933 | D:4      | Reached XP level 8. HP: 56/58 MP: 8/8
  7043 | D:5      | Killed Ijyb
  7452 | D:6      | Reached skill level 6 in Polearms
  7666 | D:6      | Found a staircase to the Ecumenical Temple.
  7945 | Temple   | Entered the Ecumenical Temple
  8203 | Temple   | Became a worshipper of Gozag Ym Sagoz the Greedy
  8720 | D:6      | Reached skill level 7 in Polearms
  8787 | D:6      | Reached XP level 9. HP: 63/63 MP: 9/9
  9516 | D:7      | Reached skill level 8 in Polearms
 10173 | D:7      | Noticed a cyclops
 11229 | D:8      | Noticed Grum
 11784 | D:7      | Killed a cyclops
 11785 | D:7      | Reached skill level 9 in Polearms
 12120 | D:8      | Found a snail-covered altar of Cheibriados.
 12241 | D:8      | Reached skill level 10 in Polearms
 12277 | D:8      | Found a bloodstained altar of Trog.
 12364 | D:8      | Found a staircase to the Lair.
 12366 | D:8      | Found a shadowy altar of Dithmenos.
 12388 | D:8      | Reached XP level 10. HP: 47/70 MP: 10/10
 13073 | D:9      | HP: 3/70 [iguana (1)]
 14320 | D:9      | Reached skill level 11 in Polearms
 14777 | D:9      | Noticed a purple ugly thing
 15097 | D:9      | Killed a purple ugly thing
 15200 | D:9      | Noticed a centaur warrior
 15216 | D:9      | Killed a centaur warrior
 15217 | D:9      | Reached skill level 12 in Polearms
 15494 | D:9      | Noticed a boulder beetle
 15495 | D:9      | Noticed Erolcha
 15874 | D:9      | HP: 2/70 [acid dragon/splash of acid (20)]
 15875 | D:9      | Slain by a boulder beetle

Illustrated notes

Levels and vault maps discovered:
D:1:      kennysheep_arrival_forest, layout_rooms
D:2:      layout_loops_ring, ebering_ecumenical_altar_box, serial_shops, shop
D:3:      layout_loops_ring, serial_undead, serial_undead_b, serial_undead_a,
          serial_undead_d, serial_undead_b, serial_undead_a, serial_undead_b
D:4:      layout_basic, chequers_temple_overflow_statue_of_worship,
          lightli_ossuary_entry_decrepit_ruins, cheibrodos_sewer_entry_sluice
D:5:      layout_cave_pools, uniq_ijyb, uniq_grinder
D:6:      layout_basic, minmay_temple_entry_waves
D:7:      minmay_cornered_nines, layout_loops_ring, minivault_27
D:8:      layout_loops_ring, lemuel_coloured_pillars_altar,
          kennysheep_slug_shrine, nicolae_dithmenos_the_darkroom,
          lair_entry_dummy, minmay_misc_feat_pillars, nrook_loot_triangle,
          uniq_grum
D:9:      minmay_the_grid_net [minmay_the_grid_holed_spiral,
          minmay_the_grid_tiny_cups, minmay_the_grid_spikes,
          minmay_the_grid_minigrid_small, minmay_the_grid_medium_cups,
          minmay_the_grid_prize_four_corners_diamond_a], layout_loops_ring,
          nzn_hepliaklqana_mist_gate, fedhas_altar_4,
          gammafunk_ghost_hydra_chop, minmay_tree_intersection,
          minmay_lizard_king, uniq_erolcha, uniq_prince_ribbit1
Temple:   nicolae_temple_figure_eight

Skill      XL: |  1  2  3  4  5  6  7  8  9 10 |
---------------+-------------------------------+-----
Polearms       | 3 4 5 7 10 12 | 12.4
Armour         | 2 3 4 5 7 |  7.0
Fighting       | |  3.0
Dodging        | |  2.4
Stealth        | |  1.5

Action                   |  1- 3 |  4- 6 |  7- 9 | 10-12 || total
-------------------------+-------+-------+-------+-------++-------
Melee: Spear             |   196 |   160 |       |       ||   356
       Punch             |     2 |     8 |    10 |       ||    20
       Trident           |       |   182 |   494 |    16 ||   692
       War axe           |       |       |     5 |       ||     5
       Halberd           |       |       |       |   178 ||   178
Throw: Javelin           |       |       |    12 |     3 ||    15
Invok: Call Merchant     |       |       |     1 |       ||     1
       Potion Petition   |       |       |       |     1 ||     1
Evoke: Wand              |       |     6 |     5 |     7 ||    18
  Use: Scroll            |     1 |     8 |    10 |     4 ||    23
 Stab: Sleeping          |     5 |     2 |       |       ||     7
       Distracted        |       |       |     1 |       ||     1
Armor: Robe              |    41 |     8 |       |       ||    49
       Ring mail         |       |    95 |    78 |       ||   173
       Chain mail        |       |       |   160 |   118 ||   278
Dodge: Dodged            |   112 |   153 |   164 |    91 ||   520
